 Dungeon Crawl Stone Soup version 0.30.0-30-g96aa6591b8 (webtiles) character file.

Game seed: 4990968341726865121

81 Arctor the Firebug (level 4, -1/24 HPs)
             Began as a Gargoyle Fire Elementalist on June 28, 2023.
             Slain by an orc priest
             ... wielding a +0 hand axe
              (5 damage)
             ... on level 3 of the Dungeon.
             The game lasted 00:02:20 (2431 turns).

Arctor the Firebug (Gargoyle Fire Elementalist)     Turns: 2431, Time: 00:02:21

Health: -1/24      AC:  7    Str: 11    XL:     4   Next: 42%
Magic:  2/7        EV: 12    Int: 22    God:
Gold:   131        SH:  0    Dex: 10    Spells: 7/8 levels left

rFire   . . .        (no weapon)
rCold   . . .        (no shield)
rNeg    + . .        a - +0 robe
rPois   ∞            (no helmet)
rElec   +            (no cloak)
rCorr   .            (no gloves)
SInv    +            q - +1 pair of boots of Fallacy {rPois Will- Int+4 SInv}
Will    .....        (no amulet)
Stlth   ++           (no ring)
HPRegen 0.24/turn    (no ring)
MPRegen 0.10/turn

%: no passive effects
@: no status effects
A: sickness immunity, AC +3, negative energy resistance 1, electricity
resistance, torment resistance 1, petrification resistance
a: no special abilities


You were on level 3 of the Dungeon.
You visited 1 branch of the dungeon, and saw 3 of its levels.

You collected 131 gold pieces.

Inventory:

Missiles
 g - a throwing net
Armour
 a - a +0 robe (worn)
 q - the +1 pair of boots of Fallacy (worn) {rPois Will- Int+4 SInv}
   (You found it on level 3 of the Dungeon)

   Int:       It affects your intelligence (+4).
   rPois:     It protects you from poison.
   SInv:      It lets you see invisible.
   Will:      It decreases your willpower.
Scrolls
 c - 2 scrolls of magic mapping {unknown}
 e - a scroll of teleportation {unknown}
 h - a scroll of butterflies {unknown}
 i - a scroll of fog {unknown}
 k - 2 scrolls of identify {unknown}
 p - a scroll of immolation {unknown}
Potions
 b - a potion of magic
 d - 2 potions of ambrosia {unknown}
 f - a potion of mutation {unknown}
 j - 2 potions of resistance {unknown}
 l - a potion of haste {unknown}
 m - a potion of curing {unknown}
 n - a potion of heal wounds {unknown}
 o - a potion of attraction {unknown}


   Skills:
 + Level 2.1 Dodging
 + Level 3.0 Stealth
 + Level 2.5 Spellcasting
 + Level 2.1 Conjurations
 + Level 3.4 Fire Magic


You had 7 spell levels left.
You knew the following spells:

 Your Spells              Type           Power      Damage    Failure   Level
a - Foxfire               Conj/Fire      60%        2x1d7     4%          1

Your spell library contained the following spells:

 Spells                   Type           Power      Damage    Failure   Level
 Scorch                   Fire           36%        2d6       4%          2
 Inner Flame              Hex/Fire       10%        N/A       19%         3
 Volatile Blastmotes      Fire/Tloc      20%        2d11      19%         3
 Flame Wave               Conj/Fire      15%        2d7       38%         4


Dungeon Overview and Level Annotations

Branches:
Dungeon (3/15)

Altars:


Innate Abilities, Weirdness & Mutations

You are immune to sickness and miasma.
Your stone body is resilient. (AC +3)
You are immune to poison.
You resist negative energy. (rN+)
You are resistant to electric shocks. (rElec)
You are resistant to unholy torment.
You are immune to petrification.


Message History

The orc closely misses you.
You conjure some foxfire!
The orc priest hits you with a +0 hand axe.
The orc priest barely misses your foxfire.
The orc hits you but does no damage.
You barely miss the orc priest. You punch the orc priest.
The orc priest is moderately wounded.
The foxfire hits the orc.
The orc is severely wounded.
The foxfire hits the orc.
You kill the orc!
The orc priest mumbles some strange prayers to Beogh against you.
Beogh smites you!
Ouch! That really hurt!
* * * LOW HITPOINT WARNING * * *
You are too injured to fight recklessly!
You are too injured to fight recklessly!
An orc priest is nearby!
You are too injured to fight recklessly!
Unknown command.
Casting: Foxfire (safe; 4% risk of failure)
Confirm with . or Enter, or press ? or * to list all spells.
You conjure some foxfire!
The orc priest miscasts a cantrip.
Casting: Foxfire (safe; 4% risk of failure)
Confirm with . or Enter, or press ? or * to list all spells.
You conjure some foxfire!
The foxfire hits the orc priest but does no damage.
The orc priest is moderately wounded.
The orc priest mumbles some strange prayers to Beogh against you.
Pain shoots through your body!
* * * LOW HITPOINT WARNING * * *
Casting: Foxfire (safe; 4% risk of failure)
Confirm with . or Enter, or press ? or * to list all spells.
You conjure some foxfire!
The foxfire hits the orc priest.
The orc priest is heavily wounded.
The foxfire hits the orc priest.
The orc priest is severely wounded.
The orc priest hits you with a +0 hand axe.
You die...

#####
#....##
#......
#?....#
#.....#
#...ov#
#...)@#
#####§####
######....#
#......##.#
#......##.##
.
#..........#
#.
#...(†.##..#
...##......#
...
#..........#
##


You could see an orc priest (ally target).

Vanquished Creatures
  2 adders (D:2)
  2 dart slugs
  2 orcs (D:3)
  4 bats
  3 endoplasms
  5 giant cockroaches
  6 goblins
  7 hobgoblins
  6 quokkas
  2 ball pythons (D:1)
  A frilled lizard (D:1)
  5 kobolds
  5 rats
50 creatures vanquished.

Vanquished Creatures (collateral kills)
  19 foxfires (D:2)
19 creatures vanquished.

Vanquished Creatures (others)
  169 foxfires
169 creatures vanquished.

Grand Total: 238 creatures vanquished

Notes
Turn   | Place    | Note
-------+----------+-------------------------------------------
     0 | D:1      | Arctor the Gargoyle Fire Elementalist began the quest for
                  | the Orb.
     0 | D:1      | Reached XP level 1. HP: 10/10 MP: 3/3
   176 | D:1      | Reached XP level 2. HP: 14/15 MP: 3/5
   873 | D:1      | Reached XP level 3. HP: 14/19 MP: 2/6
  1805 | D:2      | Reached XP level 4. HP: 22/24 MP: 1/7
  2381 | D:3      | Identified the +1 pair of boots of Fallacy {rPois Will-
                  | Int+4 SInv}
  2431 | D:3      | Slain by an orc priest

Illustrated notes

Levels and vault maps discovered:
D:1:      wander_arrival_lonely_grave, layout_loops_ring, minmay_pentomino_u2
D:2:      layout_rooms, serial_bayou, serial_bayou_lake_a, serial_bayou_pond_a,
          serial_bayou_ford_a, serial_bayou_pond_e, serial_bayou_pond_c
D:3:      layout_basic, ebering_ecumenical_altar_webs

Skill      XL: |  1  2  3 |
---------------+----------+-----
Dodging        | 2 |  2.1
Conjurations   | 2 |  2.1
Stealth        | 3 |  3.0
Spellcasting   | |  2.5
Fire Magic     | |  3.4

Action                     |  1- 3 |  4- 6 || total
---------------------------+-------+-------++-------
  Melee: Unarmed           |   124 |    34 ||   158
         Punch             |       |     1 ||     1
   Cast: Foxfire           |    99 |    25 ||   124
   Stab: Sleeping          |     3 |       ||     3
 Armour: Robe              |    42 |    28 ||    70
  Dodge: Dodged            |   128 |    38 ||   166
